AoeStats
← Jazzmushroom

Black Forest

508799775Analyzed
4v4 RM · 8d ago on Sep 24, 2026· 34m 26s· 8 players
Game mode
Random Map
Map size
Large (8 player)
Population
200
Speed
Normal
Resources
Standard
Victory
Conquest
Starting age
Dark Age
Ending age
Imperial Age
RankedLock teamsTeams togetherTeam positionsShared explorationLock speedFull tech treeHidden civsTurbo modeCheats
Victory
Defeat
🇺🇸 Danes · United States
1478
+10
🇦🇺 Burmese · Australia
1381
+14
🇨🇳 Britons · China
1347
+15
🇺🇸 Varangians · United States
1313
+17
🇵🇪 Turks · Peru
1347
-14
🇦🇷 Persians · Argentina
1339
-14
🇵🇪 Maya · Peru
1327
-14
🇺🇸 Varangians · United States
1327
-14
ShiftyShnike
2:31 Loom
11:57 Feudal Age
12:23 Man-at-Arms
13:33 Arson
15:53 Forging
15:44 Scale Mail Armor
20:42 Horse Collar
26:05 Castle Age
26:56 Pikeman
33:48 Squires
33:34 Gambesons
35:32 Wheelbarrow
Texas Mil
0:35 Loom
20:32 Feudal Age
25:01 Castle Age
22:52 Horse Collar
26:22 Redemption
27:42 Sanctity
31:41 Fletching
Treebeard49
5:26 Loom
11:24 Feudal Age
15:11 Castle Age
14:08 Double-Bit Axe
14:05 Horse Collar
17:09 Bow Saw
22:51 Scale Barding Armor
22:58 Forging
24:02 Bloodlines
24:06 Husbandry
24:22 Gold Mining
27:37 Iron Casting
28:09 Wheelbarrow
28:15 Wheelbarrow
27:53 Heavy Plow
29:39 Chain Barding Armor
31:31 Hand Cart
34:25 Imperial Age
32:03 Stone Mining
你顶住我发展
6:46 Loom
12:56 Feudal Age
15:29 Double-Bit Axe
18:13 Castle Age
15:56 Horse Collar
22:59 Imperial Age
21:42 Bow Saw
23:05 Heavy Plow
22:56 Gold Mining
23:00 Fletching
24:04 Ballistics
24:33 Fishing Lines
25:42 Wheelbarrow
26:01 Bodkin Arrow
27:34 Hand Cart
29:35 Chemistry
29:13 Padded Archer Armor
31:39 Two-Man Saw
30:34 Gillnets
32:03 Yeomen
32:00 Bracer
33:57 Elite Longbowman
Jazzmushroom
5:12 Loom
12:14 Feudal Age
12:52 Fishing Lines
13:11 Double-Bit Axe
16:31 Castle Age
18:17 Wheelbarrow
18:47 Bow Saw
21:49 Stone Mining
24:14 Gold Mining
24:37 Gillnets
27:20 Scale Barding Armor
31:00 Imperial Age
28:19 Town Watch
29:24 Bloodlines
29:16 Husbandry
30:11 Chain Barding Armor
30:04 Forging
31:11 Cavalier
33:42 Plate Barding Armor
34:58 Conscription
Comend x comend
0:47 Loom
21:46 Feudal Age
27:12 Castle Age
32:15 Imperial Age
theblademaster
0:29 Loom
14:13 Feudal Age
18:45 Castle Age
27:34 Double-Bit Axe
SsSs
1:43 Loom
7:40 Loom
10:00 Feudal Age
11:09 Feudal Age
14:59 Castle Age
13:06 Double-Bit Axe
13:06 Horse Collar
15:34 Scale Barding Armor
21:41 Bloodlines
27:00 Gold Mining
27:04 Stone Mining
Connection lost

Rejoining the realm…

Still unreachable

The connection could not be restored.

Session expired

The server has moved on; the page needs a fresh start.